← All builds
Geo / Armada / Economy first / OBSERVED BUILD

Standard geo

Armada Geo build order · Supreme Isthmus

Standard Geo economy into T2 constructor and Starlight/Jaguar units sent to front as usual, with support built for teammates along the way.

Usually blows up the commander for T2 (72%)

#eco #t2 #team support · 1359 distinct matches · 238 players · 55% of Armada Geo games · team won 55% of 1581 · Recently observed

HOW TO PLAY IT

Key timing: T2 constructor by 4:55

  1. Open 2 mex and wind, then Bot Lab by 0:35.
  2. Rush geothermal powerplant to fund T2 ahead of other roles.
  3. Get T2 constructor out to start building T2 units.
  4. Add Vehicle Plant and Advanced Geothermal for the T2 push.
  5. Fly first Starlight to front with a transport from Air.

Phase by phase

TYPICAL OF ITS 1359 GAMES
  1. 1
  2. 2
  3. 3
  4. 4
PLAY THE OPENING

Follow the example game's first 6:00 step by step: what to build now, what comes next, and where it goes. At 1× it keeps pace with your own game.

  1. 1

    Up to the Bot Lab

    Economy
    • Metal Extractor3Mex
    • Wind Turbine4Wind
    Order
    1. Bot LabBot Lab after 3 mex, 4 winddone ~1:11, middle half 0:58–1:21

    By 0:55 in all: 3 mex · 4 wind

    The example game in this phase · 3 steps
    1. Mex ×3
    2. Wind ×3
    3. Bot LabBot Labdone 1:15 · typical 1:11
  2. 2

    Bot Lab to 5:00

    Economy
    • Metal Extractor2Mex
    • Wind Turbine3Wind
    • Energy Converter8Converter
    • Energy Storage1Energy storage
    Order
    1. Geothermal PowerplantGeo after 4 mex, 5 wind, 1 energy storage
    2. Bot LabEat Bot Lab
    Builders
    • Construction Turret5 Con turret
    • Lazarus4 Lazarus
    • Construction Bot2 Con bot
    • Construction Bot1 Con bot for allies
    • Lazarus1 Lazarus for allies

    By 5:00 in all: 4 mex · 7 wind · 1 geo · 8 converter · 1 energy storage · 5 con turret

    The example game in this phase · 26 steps
    1. Wind
    2. LazarusLazarus
    3. Construction BotCon botfor Beach sea
    4. Wind ×2
    5. LazarusLazarus
    6. Construction BotCon bot
    7. Geothermal PowerplantGeodone 3:09 · typical 3:29
    8. Mex
    9. LazarusLazarus
    10. Construction BotCon bot
    11. LazarusLazarus
    12. Wind
    13. LazarusLazarus
    14. Con turret
    15. Wind ×2
    16. Con turret
    17. Converter ×2
    18. Con turret
    19. Wind
    20. Bot LabEat Bot Labreclaimed for its metal
    21. Converter ×2
    22. Con turret
    23. Wind
    24. Energy storage
    25. Wind
    26. Converter
  3. 3

    5:00 to Vehicle Plant

    Order
    1. Advanced Geothermal PowerplantAdvanced Geothermal Powerplant after 8 wind, 10 converter, 6 con turretin 57% of games
    2. Vehicle PlantVehicle Plant after 9 wind, 10 converter, 6 con turretdone ~7:06, middle half 6:38–7:32

    Some games also: con turret (49%) · converter (48%) · wind (40%)

    By 6:56 in all: 4 mex · 9 wind · 1 geo · 1 Advanced Geothermal Powerplant · 10 converter · 1 energy storage

    The example game in this phase · 1 step
    1. Vehicle PlantVehicle Plantdone 5:07 · typical 7:06
  4. 4

    Vehicle Plant to 10:00

    Economy
    • Wind Turbine5Wind
    • Energy Converter4Converter
    Order
    1. Advanced Vehicle PlantAdvanced Vehicle Plant after 10 wind, 11 converter, 6 con turret
    2. Vehicle PlantEat Vehicle Plant
    Builders
    • Construction Vehicle1 Con vehicle
    • Advanced Construction Vehicle1 T2 con vehicle for allies
    Army
    • Starlight2 Starlight
    • Umbra1 Jammer
    • Prophet1 Radar vehicle

    Some games also: con turret (48%) · Jaguar (36%)

    By 10:00 in all: 4 mex · 18 wind · 1 geo · 1 Advanced Geothermal Powerplant · 16 converter · 1 energy storage

    The example game in this phase · 99 steps
    1. Construction VehicleCon vehicle
    2. Advanced Metal ExtractorT2 mexdone 5:38 · typical 5:38
    3. Converter
    4. Vehicle PlantEat Vehicle Plantreclaimed for its metal
    5. Advanced Metal ExtractorT2 mex
    6. Converter
    7. Advanced Metal ExtractorT2 mex
    8. Converter
    9. PrudePrudedone 7:01
    10. Wind
    11. Converter
    12. Wind
    13. Advanced Vehicle PlantAdvanced Vehicle Plantdone 7:43 · typical 8:02
    14. Advanced Metal ExtractorT2 mex
    15. Converter
    16. Wind ×2
    17. JaguarJaguar ×2
    18. Wind
    19. JaguarJaguar
    20. Wind
    21. JaguarJaguar ×2
    22. Wind
    23. JaguarJaguar
    24. StarlightStarlightdone 9:00 · typical 9:04
    25. Wind ×3
    26. UmbraJammer
    27. Advanced Construction VehicleT2 con vehiclefor Suicide front
    28. Wind
    29. Radar TowerRadar Tower
    30. JaguarJaguar ×2
    31. Wind
    32. BeamerBeamer
    33. JaguarJaguar ×2
    34. Wind
    35. JaguarJaguar
    36. Wind
    37. BullBulldone 10:12
    38. Wind
    39. BullBull
    40. BeamerBeamer
    41. Wind ×2
    42. BullBull
    43. Wind
    44. BullBull
    45. Wind
    46. StarlightStarlight
    47. Wind
    48. FerretFerret
    49. Wind
    50. ProphetRadar vehicle
    51. JaguarJaguar
    52. Wind
    53. JaguarJaguar ×2
    54. Con turret
    55. JaguarJaguarfor Front
    56. Con turret
    57. Wind
    58. Con turret
    59. JaguarJaguarfor Front
    60. Energy storage
    61. Con turret
    62. JaguarJaguar ×3for Front
    63. Wind
    64. JaguarJaguarfor Front
    65. Con turret ×3
    66. JaguarJaguar ×2for Front
    67. JaguarJaguar
    68. Wind
    69. StarlightStarlight
    70. Wind
    71. Bot LabBot Labdone 13:21
    72. Wind
    73. StarlightStarlight
    74. Wind
    75. LazarusLazarus
    76. Wind
    77. LazarusLazarus
    78. Wind
    79. Converter
    80. Wind
    81. LazarusLazarus
    82. StarlightStarlight
    83. Converter
    84. LazarusLazarus
    85. Wind
    86. Converter
    87. LazarusLazarus
    88. UmbraJammer
    89. Converter
    90. LazarusLazarus
    91. Wind
    92. ProphetRadar vehicle
    93. Wind
    94. StarlightStarlight
    95. Advanced Construction VehicleT2 con vehicle
    96. Wind ×2
    97. StarlightStarlight
    98. ConsulConsul
    99. StarlightStarlight

Counts are medians over the build's games: half of them build more, half fewer. The example game is Bishtou's (31 OS, 25/08/2026); pick another.

Team trades

IN AT LEAST 30% OF ITS GAMES

You hand over

  • Lazarus1 Lazarus to Beach seafirst at 2:17 · in 75% of games
  • Construction Bot1 Con bot to Beach seafirst at 2:27 · in 86% of games
  • Advanced Construction Vehicle1 T2 con vehicle to Suicide front or Frontfirst at 8:48 · in 63% of games

You get

  • Advanced Construction Bot1 T2 con bot from Techfirst at 4:53 · in 94% of games

How it plays out

Typical game of this build, running totals by minute

Metal produced

020k40k
0:005:0010:0015:00

metal

Enemy metal destroyed

05k10k15k
0:005:0010:0015:00

metal

Own metal lost

02k4k6k
0:005:0010:0015:00

metal

1581 games.

Show as table
ByMetal produced: This buildEnemy metal destroyed: This buildOwn metal lost: This build
1:0033300
2:0086100
3:00152700
4:00267100
5:00369400
6:00563600
7:00801500
8:001133500
9:00144064284
10:0017271472202
11:00201161737520
12:002298936141579
13:002573558742938
14:002858982524405
15:0031360102425550
WHAT THE NUMBERS SAY

Standard Geo play wins about half its games while destroying the most enemy metal by 15:00 among the roles shown here.

  • + Enemy metal destroyed jumps to 10560 by 15:00, highest of all six builds.
  • + Starlight makes up 34% of army, delivering the long-range T2 push.
  • − Own metal lost reaches 5977 by 15:00 from the aggressive T2 push.
  • − First Starlight only arrives in 60% of games, a late or inconsistent push.
THE EXAMPLE YOU ARE READING

Bishtou

31.4 OS · 25/08/2026

Open source match ↗

2 received units · includes a constructor
1664 metal received · 64500 energy received

Allied construction assistance is unknown. Timings are observations, not a promise of solo reproducibility.

Typical milestones

Bot Lab1:11Middle 50%: 0:58–1:21 · n=1580
Geothermal Powerplant3:29Middle 50%: 3:13–3:47 · n=1572
Advanced Metal Extractor5:38Middle 50%: 5:21–6:02 · n=1572
Vehicle Plant7:06Middle 50%: 6:38–7:32 · n=1528
Advanced Geothermal Powerplant7:11Middle 50%: 6:51–7:42 · n=1146
Advanced Vehicle Plant8:02Middle 50%: 7:40–8:33 · n=1463
Starlight9:04Middle 50%: 8:32–9:47 · n=1320

Played most by

0neTw0120games of this buildzeus_on_god119games of this buildXad53games of this buildTheGeneraI47games of this buildViltrum41games of this build